 Dungeon Crawl Stone Soup version 0.30-a0-726-gd89dcf765f (webtiles) character file.

Game seed: 9638577228284941798

5 scionoferis the Vexing (level 1, -2/15 HPs)
             Began as a Demigod Hexslinger on Jan 29, 2023.
             Slain by a jackal (3 damage)
             ... on level 1 of the Dungeon.
             The game lasted 00:00:22 (104 turns).

scionoferis the Vexing (Demigod Hexslinger)          Turns: 104, Time: 00:00:23

Health: -2/15      AC:  2    Str: 11    XL:     1   Next: 53%
Magic:  3/4        EV: 12    Int: 15    God:
Gold:   15         SH:  0    Dex: 14    Spells: 1/2 levels left

rFire   . . .      SeeInvis .    a - +1 sling
rCold   . . .      Faith    .    (no shield)
rNeg    . . .      Spirit   .    c - +0 robe
rPois   .          Reflect  .    (no helmet)
rElec   .          Harm     .    (no cloak)
rCorr   .          Rampage  .    (no gloves)
Will    .....                    (no boots)
Stlth   +                        (no amulet)
HPRegen 0.22/turn                (no ring)
MPRegen 0.09/turn                (no ring)

@: no status effects
A: high MP 1, forlorn, divine attributes
a: no special abilities


You were on level 1 of the Dungeon.
You visited 1 branch of the dungeon, and saw 1 of its levels.

You collected 15 gold pieces.


Innate Abilities, Weirdness & Mutations

You have an increased reservoir of magic. (+10% MP)
You shall have no god before yourself.
Your divine heritage dramatically boosts your attributes as you level up.


   Skills:
 - Level 0.8 Fighting
 * Level 2.0 Ranged Weapons
 + Level 1.9 Dodging
 + Level 0.4 Stealth
 - Level 1.0 Spellcasting
 - Level 2.6 Hexes


You had one spell level left.
You knew the following spells:

 Your Spells              Type           Power      Damage    Failure   Level
a - Slow                  Hex            32%        N/A       9%          1

Your spell library contained the following spells:

 Spells                   Type           Power      Damage    Failure   Level
 Inner Flame              Hex/Fire       4%         N/A       38%         3
 Portal Projectile        Hex/Tloc       8%         N/A       38%         3
 Cause Fear               Hex            4%         N/A       63%         4

Inventory:

Hand Weapons
 a - a +1 sling (weapon)
Armour
 c - a +0 robe (worn)
Scrolls
 b - a scroll of poison
 d - a scroll of teleportation {unknown}

Dungeon Overview and Level Annotations

Branches:
Dungeon (1/15)

#.........P.P.PPP.P.
#.......P.P.PP.P.PP.
#.......P.PP.PP.PP.P
#.......PP.PP.PPP.PP
#.......PP.PPP...PPP
#.......PPP..PPPPP..
###.....PPPPP.....PP


#.####PPPPPPPPPPPP #@# #PPPPPPPPPPPP #h# ############# #.# ... ... ....# ....#
.....# You could see a jackal.


Message History

Welcome, scionoferis the Demigod Hexslinger.
You feel drawn to the Orb of Zot, downwards into the unfathomable depths...
Press ? for a list of commands and other information.
Found a scroll labelled FAHAET RONU.
Found a staircase leading out of the dungeon.
d - a scroll labelled FAHAET RONU
Found 3 stones.
Found a stone staircase leading down.
A kobold comes into view. It is wielding a +0 dagger.
You shoot a sling bullet. The sling bullet hits the kobold.
The kobold shouts!
The kobold is moderately wounded.
You shoot a sling bullet.
The sling bullet hits the kobold but does no damage.
The kobold is moderately wounded.
The kobold throws a stone.
The stone hits you but does no damage.
A rat comes into view.
You shoot a sling bullet. The sling bullet hits the kobold.
You kill the kobold!
The rat twitches its whiskers.
You shoot a sling bullet. The sling bullet hits the rat.
You kill the rat!
No target in view!
No target in view!
You now have 4 gold pieces.
You now have 8 gold pieces (gained 4).
There is a stone staircase leading down here.
You now have 15 gold pieces (gained 7).
A jackal comes into view.
You shoot a sling bullet.
The sling bullet hits the jackal but does no damage.
The jackal barks!
You hear a bark!
A jackal comes into view.
You shoot a sling bullet.
The sling bullet closely misses the jackal.
The jackal barks!
The sling bullet hits the jackal.
The jackal is almost dead.
You hear a bark!
A jackal comes into view.
The jackal moves out of view.
You shoot a sling bullet.
The sling bullet hits the jackal but does no damage.
The jackal bites you.
A jackal comes into view.
The jackal barely misses you.
You shoot a sling bullet. The sling bullet hits the jackal.
The jackal is severely wounded.
The jackal bites you but does no damage.
The jackal misses you.
You shoot a sling bullet.
The sling bullet hits the jackal but does no damage.
The jackal is severely wounded.
The jackal bites you. x2
You shoot a sling bullet. The sling bullet hits the jackal!
You kill the jackal!
The jackal bites you.
You shoot a sling bullet.
The sling bullet barely misses the jackal.
The sling bullet closely misses the jackal.
The sling bullet hits the jackal.
The jackal is almost dead.
The jackal completely misses you.
You shoot a sling bullet. The sling bullet hits the jackal.
You kill the jackal!
The jackal completely misses you.
Your Ranged Weapons skill increases to level 2!
You shoot a sling bullet.
The sling bullet closely misses the jackal.
The sling bullet barely misses the jackal.
The jackal barely misses you.
You shoot a sling bullet.
The sling bullet closely misses the jackal.
The sling bullet misses the jackal.
The jackal bites you.
The jackal bites you but does no damage.
You shoot a sling bullet.
The sling bullet barely misses the jackal.
The sling bullet closely misses the jackal.
The jackal barely misses you. The jackal bites you.
You shoot a sling bullet. The sling bullet hits the jackal.
You kill the jackal!
The jackal closely misses you.
You shoot a sling bullet.
The sling bullet closely misses the jackal.
The jackal bites you but does no damage.
You shoot a sling bullet.
The sling bullet barely misses the jackal.
The jackal bites you. x2
* * * LOW HITPOINT WARNING * * *
You are too injured to fight recklessly!
You are too injured to fight recklessly!
You are too injured to fight recklessly!
Aiming: Slow (safe; 9% risk of failure)
Press: ? - help, Q - select action, (/) - cycle Shift-Dir - straight line, f/p - jackal
Aim: a jackal (heavily wounded, chance to affect: 59%)
The jackal resists with significant effort.
The jackal bites you.
* * * LOW HITPOINT WARNING * * *
The jackal closely misses you.
Fire: a) +1 sling
Press: ? - help, Q - select action, (/) - cycle Shift-Dir - straight line, f/p - jackal
Aim: a jackal (heavily wounded, 50% to hit)
You shoot a sling bullet.
The sling bullet hits the jackal but does no damage.
The jackal is heavily wounded.
The jackal bites you.
You die...

Skill      XL: |  1 |
---------------+----+-----
Ranged Weapons | 2 |  2.0
Fighting       | |  0.8
Dodging        | |  1.9
Stealth        | |  0.4
Spellcasting   | |  1.0
Hexes          | |  2.6

Action                     || total
---------------------------++-------
   Fire: Sling             ||    19
   Cast: Slow              ||     1
 Armour: Robe              ||     4
  Dodge: Dodged            ||     8

Levels and vault maps discovered:
D:1:      roderic_crop_circles_arrival_small, layout_basic

Notes
Turn   | Place    | Note
-------+----------+-------------------------------------------
     0 | D:1      | scionoferis the Demigod Hexslinger began the quest for the
                  | Orb.
     0 | D:1      | Reached XP level 1. HP: 15/15 MP: 4/4
    97 | D:1      | Reached skill level 2 in Ranged Weapons
   103 | D:1      | HP: 1/15 [jackal (3)]
   104 | D:1      | Slain by a jackal

Vanquished Creatures
  3 jackals (D:1)
  A kobold (D:1)
  A rat (D:1)
5 creatures vanquished.

Table legend: (Time is in decaauts)
 A = Elapsed time spent in this place.
 B = Non-inter-level travel time spent in this place.
 C = Inter-level travel time spent in this place.
 D = Time resting spent in this place.
 E = Time spent auto-exploring this place.
 F = Levels seen in this place.
 G = Mean time per level.
                   A        B        C        D        E       F      G
               +--------+--------+--------+--------+--------+-----+--------+
         Total |    109 |    109 |      0 |      0 |     80 |   1 |  109.0 |
       Dungeon |    109 |    109 |      0 |      0 |     80 |   1 |  109.0 |
               +--------+--------+--------+--------+--------+-----+--------+

Top non-repeatable levels by time:
     D:1: 109 daAuts

Table legend:
 A = Non-vault XP
 B = Vault XP
 C = Vault XP percentage of total XP
 D = Non-vault monster count
 E = Vault monster count
 F = Vault count percentage of total count
                 A         B        C        D         E       F
            +---------+---------+-------+---------+---------+-------
      Total |       8 |       0 |   0.0 |       5 |       0 |   0.0
            +---------+---------+-------+---------+---------+-------
        D:1 |       8 |       0 |   0.0 |       5 |       0 |   0.0
            +---------+---------+-------+---------+---------+-------
